[Event "Team 45 45 League T63"]
[Site "Internet Chess Club"]
[Date "2015.01.11"]
[Round "6"]
[White "pishd"]
[Black "Portola"]
[Result "1-0"]
[WhiteElo "1799"]
[BlackElo "1789"]
[Opening "Queen's pawn game"]
[ECO "D04"]
[Time "09:05:05"]
[TimeControl "2700+45"]

1. d4 d5 2. Nf3 Nf6 3. e3 Bg4 4. h3 Bh5 5. g4 Bg6 6. Ne5 e6 7. h4 h6 8. Nxg6
fxg6 9. Bd3 Ne4 10. Nd2 Be7 11. Nxe4 dxe4 12. Bxe4 O-O 13. Bxb7 Bxh4 14. Rh2 Qf6
15. Qe2 Nd7 16. Bxa8 Rxa8 17. Bd2 g5 18. O-O-O Rb8 19. Bc3 Qf7 20. Kb1 Nb6 21.
e4 Na4 22. Rh3 Qe7 23. Qc4 Nb6 24. Qc6 Bxf2 25. Rf3 Bh4 26. d5 exd5 27. exd5 Kh8
28. Qe6 Re8 29. Qg6 Kg8 30. Bxg7 {Black resigns} 1-0

[Event "Team 45 45 League T63"]
[Site "Internet Chess Club"]
[Date "2015.01.12"]
[Round "6"]
[White "isolani"]
[Black "Bleddyn"]
[Result "1/2-1/2"]
[WhiteElo "1473"]
[BlackElo "1635"]
[Opening "QGD semi-Slav: Meran, Wade variation"]
[ECO "D47"]
[Time "17:00:46"]
[TimeControl "2700+45"]

1. d4 Nf6 2. Nf3 d5 3. c4 c6 4. Nc3 e6 5. e3 Nbd7 6. Bd3 dxc4 7. Bxc4 b5 8. Bd3
Bb7 9. Qe2 Bd6 10. e4 e5 11. O-O O-O 12. Bg5 Re8 13. Rac1 Rc8 14. Rfe1 a6 15.
Qd2 exd4 16. Nxd4 Bxh2+ 17. Kxh2 Ne5 18. Be2 b4 19. Nd1 c5 20. Nf5 Qc7 21. Qd6
Nxe4 22. Qxc7 Rxc7 23. Bf4 g5 24. Nh6+ Kg7 25. Bxe5+ Rxe5 26. Ng4 Re8 27. Nde3
h5 28. Nf5+ Kg6 29. Nge3 Nxf2 30. Bxh5+ Kh7 31. Ng4 Nxg4+ 32. Bxg4 Rxe1 33. Rxe1
Bd5 34. b3 Be6 35. Ne3 Bxg4 36. Nxg4 Kg7 37. Kg3 c4 38. bxc4 Rxc4 39. Re2 Rc3+
40. Kf2 a5 41. Ne3 Rd3 42. Rc2 b3 43. axb3 Rxb3 44. Ra2 Rb5 45. Nc4 Rf5+ 46. Kg3
Rc5 47. Nxa5 f5 48. Kf2 g4 49. Kg3 Kg6 50. Kf4 Rb5 51. Nc4 Rb4 52. Rc2 Kf6 53.
g3 Kg6 54. Rc3 Kf6 55. Ke3 Kg5 56. Nd2 Ra4 57. Rc4 Ra3+ 58. Kf2 Rd3 59. Nf1 Rf3+
60. Ke2 f4 61. Rc5+ Kh6 62. Rc6+ {Game drawn by mutual agreement} 1/2-1/2

[Event "Team 45 45 League T63"]
[Site "Internet Chess Club"]
[Date "2015.01.10"]
[Round "6"]
[White "ben622"]
[Black "thecube"]
[Result "1-0"]
[WhiteElo "2030"]
[BlackElo "1867"]
[Opening "Ruy Lopez: closed"]
[ECO "C90"]
[Time "15:00:12"]
[TimeControl "2700+45"]

1. e4 e5 2. Nf3 Nc6 3. Bb5 a6 4. Ba4 Nf6 5. O-O Be7 6. Re1 b5 7. Bb3 d6 8. h3
Na5 9. c3 Nxb3 10. Qxb3 Bb7 11. d3 O-O 12. a4 Qd7 13. c4 c6 14. Nc3 Rab8 15.
axb5 cxb5 16. cxb5 axb5 17. Ra7 Qc6 18. Qxb5 Qxb5 19. Nxb5 Rfc8 20. Nc3 Bd8 21.
Be3 Bc6 22. Rb1 Bb6 23. Bxb6 Rxb6 24. b4 h6 25. b5 Bd7 26. Rb3 Rc5 27. Ra6 Rxa6
28. bxa6 Kf8 29. a7 Ra5 30. Rb8+ {Black resigns} 1-0

[Event "Team 45 45 League T63"]
[Site "Internet Chess Club"]
[Date "2015.01.13"]
[Round "6"]
[White "nikenwidiartto"]
[Black "bobhill"]
[Result "1-0"]
[WhiteElo "2020"]
[BlackElo "1932"]
[Opening "Sicilian: Grand Prix attack"]
[ECO "B23"]
[Time "08:31:56"]
[TimeControl "2700+45"]

1. e4 c5 2. Nc3 Nc6 3. f4 g6 4. Nf3 Bg7 5. Bb5 a6 6. Bxc6 dxc6 7. O-O Nf6 8. Qe2
Bg4 9. d3 h5 10. Be3 b6 11. h3 Bxf3 12. Qxf3 Nd7 13. e5 Rc8 14. Ne4 Qc7 15. e6
fxe6 16. Qg3 Nf8 17. c3 Rd8 18. Rad1 Rd5 19. Ng5 Bf6 20. Qf2 Bxg5 21. fxg5 Rf5
22. Qh4 Rh7 23. d4 cxd4 24. Qxd4 Nd7 25. Qc4 Rhf7 26. Rfe1 b5 27. Qxe6 Nf8 28.
Qe4 Re5 29. Qd3 Rd5 30. Qe4 Re5 31. Qb4 a5 32. Qh4 Rff5 33. Qg3 Ne6 34. Kh2 Rd5
35. Qxc7 Nxc7 36. Bb6 Rxd1 37. Rxd1 Nd5 38. Bxa5 Rxg5 39. Rd2 Ne3 40. Re2 Re5
41. Kg1 Nc4 42. Rxe5 Nxe5 43. b3 Kd7 44. a4 e6 45. Bb6 Kd6 46. a5 Nd7 47. Bd8 c5
48. b4 Nb8 49. Bg5 Kd5 50. Kf2 Na6 51. Be7 cxb4 52. cxb4 Kd4 53. Ke2 e5 54. h4
Ke4 55. Bd6 Kd4 56. Kf3 Kd5 57. Bf8 Kd4 58. Ke2 Ke4 59. Bd6 Kd5 60. Be7 Kd4 61.
Kd2 e4 62. Ke2 Ke5 63. Ke3 Kd5 64. Bf8 Nc7 65. Bg7 Na6 66. Bc3 Kc4 67. Bd2 Kd5
68. Bc3 Kc4 69. Be1 Kd5 70. Bc3 Kc4 71. Bg7 Nxb4 72. Kxe4 Nc6 73. a6 b4 74. Kf4
b3 75. Ke4 Kb5 76. Kd5 Nb4+ 77. Ke6 Nxa6 78. Kf7 Kc4 79. Kxg6 Nc5 80. Kxh5 Ne4
81. Ba1 Kd3 82. Kg6 Kc2 83. h5 Kb1 84. Be5 Kc2 85. h6 Nc3 86. Bxc3 Kxc3 87. h7
b2 88. h8=Q+ Kc2 89. Qc8+ Kd2 90. Qd7+ Kc2 91. Qc6+ Kd2 92. Qd5+ Kc2 93. Qc4+
Kd2 94. Qb3 Kc1 95. Qc3+ Kb1 96. g4 Ka2 97. Qa5+ Kb1 98. g5 Kc2 99. Qc5+ Kd2
100. Qb4+ Kc2 101. Qc4+ Kd2 102. Qb3 {Black resigns} 1-0

[Event "Team 45 45 League T63"]
[Site "Internet Chess Club"]
[Date "2015.01.08"]
[Round "6"]
[White "misuc56"]
[Black "OperaDude94"]
[Result "1-0"]
[WhiteElo "1883"]
[BlackElo "1685"]
[Opening "Budapest defense declined"]
[ECO "A51"]
[Time "13:00:10"]
[TimeControl "2700+45"]

1. d4 Nf6 2. c4 e5 3. e3 exd4 4. exd4 d5 5. h3 h6 6. Nf3 Bb4+ 7. Nc3 O-O 8. Be2
Nc6 9. O-O Bf5 10. Be3 Qd7 11. cxd5 Nxd5 12. Nxd5 Qxd5 13. a3 Be7 14. Rc1 Bf6
15. Bc4 Qd7 16. Bb5 a6 17. Bxc6 bxc6 18. Ne5 Bxe5 19. dxe5 Qe6 20. Qf3 Bd3 21.
Rfe1 Bc4 22. Qf4 Bd5 23. Bc5 Rfe8 24. b4 a5 25. Re3 axb4 26. Bxb4 Qg6 27. Qg4
Qxg4 28. hxg4 f6 29. f4 fxe5 30. fxe5 Kf7 31. Kf2 Ke6 32. Kg3 Rf8 33. Bxf8 Rxf8
34. a4 Ra8 35. Ra1 c5 36. a5 c4 37. a6 Ra7 38. Ra5 c3 39. Rxc3 Kxe5 40. Rcc5 c6
41. Rxc6 Kd4 42. Rcc5 Be4 43. Rcb5 Bd3 44. Rb6 Be2 45. Rd6+ Kc4 46. Rb6 Kd4 47.
Rb7 Rxa6 48. Rxa6 Bxa6 49. Rxg7 Bd3 50. Kf4 Kc5 51. Rf7 Bf1 52. g3 Kd5 53. Rf6
Bd3 54. Rxh6 Bb1 55. g5 Kc5 56. Ke5 Ba2 57. g6 Bc4 58. Kf6 Kd6 59. Rh8 Kd7 60.
g7 {Black resigns} 1-0

[Event "Team 45 45 League T63"]
[Site "Internet Chess Club"]
[Date "2015.01.08"]
[Round "6"]
[White "Schachteufel"]
[Black "Beetlejuice"]
[Result "1-0"]
[WhiteElo "1730"]
[BlackElo "1777"]
[Opening "Sicilian: Taimanov variation"]
[ECO "B48"]
[Time "13:02:09"]
[TimeControl "2700+45"]

1. e4 c5 2. Nf3 e6 3. d4 cxd4 4. Nxd4 Nc6 5. Nc3 Qc7 6. Be3 a6 7. Qd2 Nf6 8.
O-O-O Be7 9. f3 h5 10. Kb1 b5 11. Nce2 Bb7 12. Nxc6 Bxc6 13. Nd4 Bb7 14. Nb3 d5
15. e5 Nd7 16. f4 Rc8 17. Bd3 b4 18. Qf2 O-O 19. Rhg1 Nc5 20. Nxc5 Bxc5 21. Bxc5
Qxc5 22. Qh4 g6 23. g4 Rc7 24. gxh5 Qe7 25. Qxe7 Rxe7 26. hxg6 f5 27. h4 Kg7 28.
h5 Rh8 29. Be2 a5 30. Rg3 Rc7 31. a3 bxa3 32. Rxa3 Rc5 33. Rb3 Bc6 34. Rd4 Rc8
35. c3 Kh6 36. Rb6 Kg7 37. Ba6 Ra8 38. Bb7 Rb5 39. Rxb5 {Black resigns} 1-0

[Event "Team 45 45 League T63"]
[Site "Internet Chess Club"]
[Date "2015.01.11"]
[Round "6"]
[White "achessman"]
[Black "Agarnez"]
[Result "0-1"]
[WhiteElo "1960"]
[BlackElo "1924"]
[Opening "French: Chigorin variation"]
[ECO "C00"]
[Time "16:14:23"]
[TimeControl "2700+45"]

1. e4 e6 2. Qe2 Nc6 3. Nf3 e5 4. g3 Nf6 5. c3 d6 6. Bg2 g6 7. O-O Bg7 8. Rd1 O-O
9. d4 exd4 10. cxd4 Re8 11. e5 Qe7 12. Nc3 Bg4 13. Bg5 dxe5 14. Nd5 Qd6 15. dxe5
Rxe5 16. Nxf6+ Qxf6 17. Qxe5 Nxe5 18. Bxf6 Nxf3+ 19. Bxf3 Bxf3 20. Rd3 Bxf6 21.
Rxf3 Bxb2 22. Rb1 Bd4 23. Rxb7 Bb6 24. a4 a5 25. Rb3 Rd8 26. Rb2 Rd4 27. Rb8+
Kg7 28. Re8 Rxa4 29. Ree2 h5 30. Kg2 Ra3 31. Re1 Kf6 32. Kf1 Bd4 33. Rc2 c5 34.
Re8 Ra1+ 35. Ke2 Rh1 36. h4 Bxf2 37. Ra8 Bxg3 38. Rxc5 Rxh4 39. Kf3 Be1 40. Ra7
Rh2 41. Rc1 Bh4 42. Rf1 Ke6 43. Ra6+ Ke7 44. Ra7+ Kf6 45. Ke4+ Rf2 46. Ra6+ Kg7
47. Rxf2 Bxf2 48. Rxa5 h4 49. Kf3 Bg3 50. Kg4 Kh6 51. Kh3 f5 52. Ra6 Kh5 53. Ra5
Bf2 54. Kg2 Bg3 55. Kf3 Be1 56. Re5 Bg3 57. Rb5 Kg5 58. Ra5 Bf4 59. Ra1 Be5 60.
Ra5 Bf6 61. Ra2 Be5 62. Ra5 Kf6 63. Ra6+ Kf7 64. Ra7+ Ke6 65. Kg2 g5 66. Kh3 Bf6
67. Ra6+ Kf7 68. Ra5 g4+ 69. Kg2 Kg6 70. Rb5 f4 71. Ra5 f3+ 72. Kh2 g3+ 73. Kh3
g2 74. Kh2 Bd8 75. Ra6+ Kf5 76. Kg1 h3 77. Rh6 Bg5 78. Rxh3 Be3+ {White resigns}
0-1

[Event "Team 45 45 League T63"]
[Site "Internet Chess Club"]
[Date "2015.01.11"]
[Round "6"]
[White "harishbn"]
[Black "CaoCao"]
[Result "1-0"]
[WhiteElo "1898"]
[BlackElo "1904"]
[Opening "Ruy Lopez: Schliemann defense, Berger variation"]
[ECO "C63"]
[Time "11:15:25"]
[TimeControl "2700+45"]

1. e4 e5 2. Nf3 Nc6 3. Bb5 f5 4. Nc3 fxe4 5. Nxe4 d5 6. Nxe5 dxe4 7. Nxc6 Qg5 8.
Qe2 Nf6 9. Nxa7+ Bd7 10. Bxd7+ Nxd7 11. f4 Qa5 12. Nb5 O-O-O 13. O-O Bc5+ 14.
Kh1 Nf6 15. Qc4 Bd6 16. b3 Rhe8 17. Bb2 c6 18. Nxd6+ Rxd6 19. Be5 Rd7 20. Rae1
Qb5 21. Qxb5 cxb5 22. Bxf6 gxf6 23. Re2 Red8 24. Rd1 Rc7 25. Rc1 Rcd7 26. Rxe4
Rxd2 27. Kg1 Rd1+ 28. Rxd1 Rxd1+ 29. Kf2 Ra1 30. Kg3 Rxa2 31. Re2 b4 32. Kg4 Ra5
33. Re7 h5+ 34. Kh4 Rc5 35. Re2 Kd7 36. g4 hxg4 37. Kxg4 b6 38. h4 Rc8 39. h5
Rh8 40. Kf5 Rxh5+ 41. Kxf6 Rh6+ 42. Kg7 Re6 43. Rxe6 Kxe6 44. Kg6 {Black
resigns} 1-0

[Event "Team 45 45 League T63"]
[Site "Internet Chess Club"]
[Date "2015.01.10"]
[Round "6"]
[White "ghostfire"]
[Black "wildkingdumb4"]
[Result "1-0"]
[WhiteElo "1733"]
[BlackElo "1589"]
[Opening "Sicilian: Scheveningen (Paulsen), classical variation"]
[ECO "B84"]
[Time "17:00:32"]
[TimeControl "2700+45"]

1. e4 c5 2. Nf3 d6 3. d4 cxd4 4. Nxd4 Nf6 5. Nc3 a6 6. Be2 e6 7. O-O Qb6 8. Kh1
Bd7 9. f4 Nc6 10. Nxc6 Bxc6 11. e5 Nd5 12. Nxd5 Bxd5 13. exd6 Bxd6 14. f5 Qc6
15. Bf3 Bxf3 16. Rxf3 O-O 17. f6 Be5 18. fxg7 Rfd8 19. Qe2 Rd5 20. Bg5 Bxb2 21.
Rb1 Rxg5 22. Rxb2 Rxg7 23. Qd3 Qc7 24. Rb3 Rd8 25. Qe2 Qa5 26. Rxb7 Qxa2 27.
Rfb3 Qa1+ 28. Rb1 Qf6 29. Rb8 h6 30. Rxd8+ Qxd8 31. Qxa6 Qd2 32. Qa8+ Kh7 33.
Qe4+ Rg6 34. Rf1 f5 35. Qb7+ Rg7 36. Qc6 f4 37. c4 e5 38. Qe4+ Kg8 39. Ra1 Rd7
40. Qg6+ Kf8 41. Qf6+ Kg8 42. Ra8+ Kh7 43. Rh8# {Black checkmated} 1-0

[Event "Team 45 45 League T63"]
[Site "Internet Chess Club"]
[Date "2015.01.10"]
[Round "6"]
[White "Innes"]
[Black "Constrictor"]
[Result "1/2-1/2"]
[WhiteElo "1575"]
[BlackElo "1646"]
[Opening "Alekhine's defense: two pawns' (Lasker's) attack"]
[ECO "B02"]
[Time "17:00:41"]
[TimeControl "2700+45"]

1. e4 Nf6 2. e5 Nd5 3. c4 Nb6 4. c5 Nd5 5. Bc4 c6 6. Nc3 d6 7. Qf3 Nd7 8. d4
dxe5 9. Nxd5 cxd5 10. Bxd5 e6 11. Bxb7 Bxb7 12. Qxb7 exd4 13. c6 Nc5 14. Qb5 Qb6
15. Qxb6 axb6 16. Nf3 Nd3+ 17. Ke2 Nxc1+ 18. Rhxc1 Bc5 19. a3 O-O-O 20. Kd3 f6
21. b4 Be7 22. b5 e5 23. a4 Kc7 24. a5 bxa5 25. Rxa5 Kb6 26. Rca1 Bb4 27. Ra7
Bc3 28. Rb7+ Kc5 29. Rc1 Rb8 30. Rxb8 Rxb8 31. Rb1 Bb4 32. c7 Rc8 33. b6 Kxb6
34. Rxb4+ Kxc7 35. Rc4+ Kd7 36. Rxc8 Kxc8 37. Nh4 Kd7 38. f4 Ke6 39. Nf3 Kf5 40.
fxe5 fxe5 41. Nd2 h5 42. g3 g5 43. Nc4 h4 44. Nd2 hxg3 45. hxg3 Kg4 46. Nf1 Kf3
47. Nd2+ Kxg3 48. Ke4 g4 49. Nc4 Kf2 50. Nxe5 g3 51. Nd3+ Kf1 52. Nf4 Kf2 53.
Kxd4 Kf3 54. Ke5 g2 55. Nxg2 {Game drawn because neither player has mating
material} 1/2-1/2

[Event "Team 45 45 League T63"]
[Site "Internet Chess Club"]
[Date "2015.01.13"]
[Round "6"]
[White "RubberDuck"]
[Black "nilobasenji"]
[Result "1/2-1/2"]
[WhiteElo "1900"]
[BlackElo "1872"]
[Opening "QGD Slav: Krause attack"]
[ECO "D17"]
[Time "13:01:15"]
[TimeControl "2700+45"]

1. d4 d5 2. c4 Nf6 3. Nf3 c6 4. Nc3 dxc4 5. a4 Bf5 6. Ne5 Nbd7 7. Nxc4 e5 8.
dxe5 Ng4 9. Nd6+ Bxd6 10. exd6 Qb6 11. e3 O-O 12. Be2 Ngf6 13. O-O Nc5 14. a5
Qb4 15. Ra3 Rad8 16. Na2 Qe4 17. b4 Na6 18. f3 Qe5 19. e4 Be6 20. Qc2 Qxd6 21.
Be3 Rfe8 22. Bxa7 Nxb4 23. Nxb4 Qxb4 24. Bc5 Qd2 25. Rc1 Rd7 26. a6 bxa6 27.
Rxa6 Rc8 28. Qxd2 Rxd2 29. Kf1 Bb3 30. Ke1 Rc2 31. Rxc2 Bxc2 32. Kd2 Bxe4 33.
Ke3 {Game drawn by mutual agreement} 1/2-1/2

[Event "Team 45 45 League T63"]
[Site "Internet Chess Club"]
[Date "2015.01.11"]
[Round "6"]
[White "Signalman"]
[Black "fledermaus"]
[Result "1-0"]
[WhiteElo "1796"]
[BlackElo "1807"]
[Opening "QGD semi-Slav"]
[ECO "D43"]
[Time "11:10:14"]
[TimeControl "2700+45"]

1. d4 Nf6 2. Nf3 d5 3. c4 e6 4. Nc3 c6 5. g3 Bb4 6. Qc2 dxc4 7. Bg2 b5 8. O-O
Bb7 9. a3 Be7 10. e4 a6 11. Bg5 Nbd7 12. Rad1 O-O 13. Bxf6 Nxf6 14. Ne5 Qc7 15.
f4 Rfd8 16. Rd2 Bf8 17. g4 c5 18. d5 exd5 19. exd5 b4 20. Ne4 Nxd5 21. Nxc4 Nxf4
22. Ng5 Ng6 23. Rxf7 Rxd2 24. Qxd2 Be7 25. Ne6 Qc8 26. Rxg7+ Kh8 27. Bd5 Bxd5
28. Qxd5 Qe8 29. Qh5 Nf8 30. Rf7 Bf6 31. Nxf8 Qe1+ 32. Kg2 Qe2+ 33. Kg3 Qd3+ 34.
Kf2 Bd4+ 35. Kg2 Rxf8 36. Rxf8+ Kg7 37. Qf7+ Kh6 38. Qg8 bxa3 39. Qe6+ Kg5 40.
Rg8+ Kf4 41. Rf8+ Kg5 42. h4+ Kxh4 43. Qh6+ Kxg4 44. Rf4# {Black checkmated} 1-0

[Event "Team 45 45 League T63"]
[Site "Internet Chess Club"]
[Date "2015.01.09"]
[Round "6"]
[White "bondguy01"]
[Black "hondocando"]
[Result "1/2-1/2"]
[WhiteElo "1761"]
[BlackElo "1637"]
[Opening "King's Indian: Sämisch, orthodox, 7.Nge2 c6"]
[ECO "E86"]
[Time "20:00:52"]
[TimeControl "2700+45"]

1. d4 Nf6 2. c4 g6 3. f3 Bg7 4. e4 d6 5. Ne2 O-O 6. Be3 e5 7. Nbc3 c6 8. Qd2 a6
9. dxe5 dxe5 10. Qxd8 Rxd8 11. Na4 Nbd7 12. O-O-O b5 13. Nb6 Rb8 14. g4 bxc4 15.
g5 Ne8 16. Nc3 c5 17. Nxc8 Rbxc8 18. Bxc4 Nb6 19. Bxa6 Rxd1+ 20. Rxd1 Ra8 21.
Be2 Bf8 22. Kb1 Nc7 23. Nb5 Ne6 24. h4 Nd4 25. Nxd4 cxd4 26. Bxd4 exd4 27. Rxd4
Bc5 28. Rd1 Kf8 29. f4 Bf2 30. h5 Be3 31. hxg6 hxg6 32. f5 gxf5 33. exf5 Bxg5
34. Rd6 Rc8 35. b3 Rb8 36. Kc2 Ke7 37. Rc6 Rc8 38. Rxc8 Nxc8 39. a4 Kd6 40. Kc3
Bf6+ 41. Kc4 Be7 42. a5 Ke5 43. Bd3 Kd6 44. Kb5 Kc7 {Game drawn by mutual
agreement} 1/2-1/2